 Dungeon Crawl Stone Soup version 0.22-a0-423-g4197694 (webtiles) character file.

6 iamserjio the Ducker (level 1, -1/9 HPs)
             Began as a Spriggan Transmuter on May 23, 2018.
             Slain by a kobold (2 damage)
             ... on level 1 of the Dungeon.
             The game lasted 00:00:59 (138 turns).

iamserjio the Ducker (Spriggan Transmuter)           Turns: 138, Time: 00:01:00

Health: -1/9       AC:  2    Str:  6    XL:     1   Next: 75%
Magic:  5/5        EV: 18    Int: 14    God:
Gold:   8          SH:  0    Dex: 16    Spells: 4/5 levels left

rFire    . . .     SeeInvis +     - Unarmed
rCold    . . .     Gourm    .   (shield restricted)
rNeg     . . .     Faith    .   b - +0 robe
rPois    .         Spirit   .   (helmet restricted)
rElec    .         Reflect  .   (no cloak)
rCorr    .         Harm     .   (gloves unavailable)
MR       .....                  (boots unavailable)
Stlth    +.........             (no amulet)
HPRegen  0.03/turn              (no ring)
MPRegen  0.09/turn              (no ring)

@: very quick
A: very small, unfitting armour, see invisible, herbivore, speed 3, slow
metabolism 2
a: no special abilities


You were on level 1 of the Dungeon.
You were not hungry.

You visited 1 branch of the dungeon, and saw 1 of its levels.

You collected 8 gold pieces.

Inventory:

Hand Weapons
 c - a +2 spear of freezing
Missiles
 a - 31 arrows
Armour
 b - a +0 robe (worn)
Scrolls
 e - a scroll of remove curse {unknown}
Comestibles
 d - a ration


   Skills:
 - Level 0.7 Fighting
 + Level 3.1 Dodging
 * Level 2.5 Unarmed Combat
 + Level 2.8 Spellcasting
 * Level 3.0 Transmutations


You had 4 spell levels left.
You knew the following spells:

 Your Spells              Type           Power        Failure   Level  Hunger
a - Beastly Appendage     Tmut           ##....       6%          1    #......

Your spell library contained the following spells:

 Spells                   Type           Power        Failure   Level  Hunger
 Spider Form              Tmut/Pois      #.........   34%         3    ###....
 Blade Hands              Tmut           ##........   87%         5    ######.
 Ice Form                 Ice/Tmut       #.......     75%         4    #####..
 Sticks to Snakes         Tmut           ##......     10%         2    ###....


Dungeon Overview and Level Annotations

Branches:
Dungeon (1/15)

Altars:


Innate Abilities, Weirdness & Mutations

You are very small and have problems with some larger weapons.
You are too small for most types of armour.
You have supernaturally acute eyesight. (SInv)
You are a herbivore.
You cover ground extremely quickly.
You need to consume almost no food.


Message History

Your horns disappear.
Found a robe.
Found a robe.
A kobold comes into view.
Found 2 gold pieces and a scroll labeled ONEGOU JOTWO.
The kobold misses you.
You barely miss the kobold. The kobold hits you.
You are too injured to fight recklessly!
You are too injured to fight recklessly!
You barely miss the kobold. The kobold misses you.
You hit the kobold but do no damage. The kobold barely misses you.
You hit the kobold but do no damage. The kobold completely misses you.
You hit the kobold.
The kobold is moderately wounded.
The kobold hits you.
* * * LOW HITPOINT WARNING * * *
You hit the kobold.
The kobold is severely wounded.
The kobold hits you.
You die...

####### #....?# #.....#
#.....# ##......... #.$K..#
#...%...... #
##.@...###.......... #.
#####...................
###.###..........#............
..[.....####.....# # ........
.................# ###...#
..........##..[..# ###...†#
...........#########...##.#
...........#####...).###..#
.................##### #.##


You could see a kobold.

Vanquished Creatures
  A giant cockroach (D:1)
  2 goblins (D:1)
  A hobgoblin (D:1)
  A bat (D:1)
5 creatures vanquished.

Notes
Turn   | Place    | Note
-------+----------+-------------------------------------------
     0 | D:1      | iamserjio the Spriggan Transmuter began the quest for the Orb.
     0 | D:1      | Reached XP level 1. HP: 9/9 MP: 5/5
   138 | D:1      | Slain by a kobold

Vault maps used:
D:1:      lightli_arrival_flooded_house

Skill      XL: |  1 |
---------------+----+-----
Transmutations | 3 |  3.0
Fighting       | |  0.7
Dodging        | |  3.1
Unarmed Combat | |  2.5
Spellcasting   | |  2.8

Action                   || total
-------------------------++-------
Melee: Unarmed           ||    25
       Headbutt          ||     2
 Cast: Beastly Appendage ||     2
Armor: Robe              ||     4
Dodge: Dodged            ||    19

Table legend:
 A = Spawn XP
 B = Non-spawn XP
 C = Spawn XP percentage of total XP
 D = Spawn monster count
 E = Non-spawn monster count
 F = Spawn count percentage of total count
 G = Total turns spent on level
                    A         B        C        D         E        F      G
               +---------+---------+-------+---------+---------+-------+---------
         Total |       0 |       9 |   0.0 |       0 |       5 |   0.0 |   138
               +---------+---------+-------+---------+---------+-------+---------
           D:1 |       0 |       9 |   0.0 |       0 |       5 |   0.0 |   138
               +---------+---------+-------+---------+---------+-------+---------
